 Dungeon Crawl Stone Soup version 0.27-a0-1332-g84bddb5ca7 (webtiles) character file.

Game seed: 1843055824713604640

210328 dinky3 the Imperceptible (level 17, 0/57 (90) HPs)
             Began as a Spriggan Enchanter on June 26, 2021.
             Was the Champion of Dithmenos.
             Shot with a bolt by Vashnia (14 damage)
             ... on level 4 of the Snake Pit.
             The game lasted 01:24:52 (33867 turns).

dinky3 the Imperceptible (Spriggan Enchanter)      Turns: 33867, Time: 01:24:53

HP:   0/57 (90)     AC:  9    Str:  4    XL:     17   Next: 70%
MP:   25/32         EV: 25    Int: 22    God:    Dithmenos [******]
Gold: 1028          SH: 10    Dex: 17    Spells: 0/36 levels left

rFire    + . .     SeeInvis +   a - +7 quick blade (spect)
rCold    . . .     Faith    .   G - +2 buckler
rNeg     . . .     Spirit   .   C - +4 troll leather armour
rPois    +         Reflect  .   K - +0 hat of Cutsom {Rampage rPois Regen+}
rElec    +         Harm     .   P - +0 cloak
rCorr    .         Rampage  +   (gloves unavailable)
Will     ++...                  (boots unavailable) Stlth ****++++++
                                J - amulet of the Air {Inacc Air Fly rElec RMsl}
HPRegen  2.19/turn              F - +4 ring of slaying
MPRegen  0.23/turn              X - ring of protection from fire

@: flying, wreathed by umbra, very heavily drained, repel missiles, very quick
A: very small, no large weapons, unfitting armour, see invisible, speed 3
}: 2/15 runes: decaying, serpentine
a: Renounce Religion, Shadow Step, Shadow Form


You were on level 4 of the Snake Pit.
You worshipped Dithmenos.
Dithmenos was exalted by your worship.
You visited 6 branches of the dungeon, and saw 32 of its levels.
You also visited: Sewer and Bailey.

You collected 5327 gold pieces.
You spent 4299 gold pieces at shops.

Inventory:

Hand Weapons
 a - a +7 spectral quick blade (weapon)
 b - a +7 dagger of freezing
 U - a +2 dagger of holy wrath
Missiles
 R - 2 throwing nets
 V - 13 curare-tipped darts
Armour
 C - a +4 troll leather armour (worn)
 G - a +2 buckler (worn)
 K - the +0 hat of Cutsom (worn) {Rampage rPois Regen+}
   (You found it on level 9 of the Dungeon)

   It protects you from poison.
   It increases your rate of health regeneration.
   It bestows one free step when moving towards enemies.
 P - a +0 cloak (worn)
Jewellery
 n - a ring of flight
 v - a +4 ring of evasion
 y - an amulet of regeneration
 F - a +4 ring of slaying (left hand)
 J - the amulet of the Air (around neck) {Inacc Air Fly rElec RMsl}
   (You found it on level 1 of the Swamp)

   [amulet of nothing]

   It insulates you from electricity.
   It grants you flight.
   It protects you from missiles.
 T - a +6 ring of strength
 X - a ring of protection from fire (right hand)
 Y - the ring of Ostinos {rElec rC+ Int+2}
   (You found it on level 1 of the Swamp)

   [ring of protection from cold]

   It affects your intelligence (+2).
   It protects you from cold.
   It insulates you from electricity.
Wands
 l - a wand of iceblast (31)
 r - a wand of flame (142)
 H - a wand of charming (30)
 M - a wand of acid (18)
 N - a wand of mindburst (24)
Scrolls
 e - 7 scrolls of magic mapping
 f - 4 scrolls of fog
 k - 4 scrolls of fear
 q - 2 scrolls of silence
 t - 17 scrolls of teleportation
 x - 2 scrolls of immolation
 A - a scroll of identify
 B - a scroll of holy word
 L - 3 scrolls of amnesia
 Q - 3 scrolls of vulnerability
 S - a scroll of enchant armour
 Z - 3 scrolls of enchant weapon
Potions
 c - 23 potions of curing
 d - 7 potions of attraction
 g - 2 potions of magic
 h - 5 potions of invisibility
 i - 4 potions of mutation
 j - 5 potions of might
 m - 14 potions of heal wounds
 o - 5 potions of flight
 p - 5 potions of lignification
 s - a potion of ambrosia
 w - 3 potions of cancellation
 z - 5 potions of brilliance
 E - 2 potions of resistance
 W - 2 potions of haste
Miscellaneous
 D - a condenser vane
 I - a phantom mirror


   Skills:
 - Level 10.4 Fighting
 - Level 10.0 Short Blades
 + Level 14.2 Dodging
 + Level 21.6 Stealth
 + Level 6.9 Shields
 - Level 10.0 Spellcasting
 - Level 2.0 Conjurations
 - Level 15.1 Hexes
 + Level 9.7 Translocations
 - Level 8.0 Transmutations
 - Level 4.0 Earth Magic
 + Level 9.4 Invocations
 - Level 5.0 Evocations


You couldn't memorise any spells.
You knew the following spells:

 Your Spells              Type           Power      Damage    Failure   Level
a - Invisibility          Hex            33%        N/A       3%          6
b - Ensorcelled Hibernat  Hex/Ice        88%        N/A       1%          2
c - Confusing Touch       Hex            67%        N/A       1%          3
d - Disjunction           Tloc           26%        N/A       100%        8
e - Dazzling Flash        Conj/Hex       96%        N/A       1%          3
g - Passage of Golubria   Tloc           N/A        N/A       1%          4
h - Teleport Other        Tloc           52%        N/A       1%          3
j - Wereblood             Tmut           46%        N/A       1%          2
A - Apportation           Tloc           100%       N/A       1%          1
B - Blink                 Tloc           N/A        N/A       1%          2
P - Passwall              Tmut/Erth      30%        N/A       1%          2

Your spell library contained the following spells:

 Spells                   Type           Power      Damage    Failure   Level
 Beastly Appendage        Tmut           92%        N/A       1%          1
 Corona                   Hex            74%        N/A       1%          1
 Sandblast                Erth           56%        2d13      1%          1
 Slow                     Hex            67%        N/A       1%          2
 Gell's Gravitas          Tloc           26%        N/A       1%          3
 Inner Flame              Hex/Fire       44%        N/A       1%          3
 Lesser Beckoning         Tloc           26%        N/A       1%          3
 Portal Projectile        Hex/Tloc       100%       N/A       1%          3
 Summon Guardian Golem    Hex/Summ       44%        N/A       1%          3
 Tukima's Dance           Hex            67%        N/A       1%          3
 Cause Fear               Hex            33%        N/A       1%          4
 Leda's Liquefaction      Hex/Erth       26%        N/A       1%          4
 Yara's Violent Unravell  Hex/Tmut       29%        3d12      2%          5
 Fulminant Prism          Conj/Hex       24%        3d13      3%          4
 Magic Dart               Conj           76%        1d6       4%          1
 Manifold Assault         Tloc           52%        N/A       5%          5
 Spider Form              Tmut/Pois      14%        N/A       6%          3
 Foxfire                  Conj/Fire      60%        2x1d7     7%          1
 Searing Ray              Conj           38%        3d4       7%          2
 Petrify                  Tmut/Erth      37%        N/A       9%          4
 Stone Arrow              Conj/Erth      48%        3d10      10%         3
 Iskenderun's Mystic Bla  Conj/Tloc      36%        2d9       10%         4
 Animate Skeleton         Necr           22%        N/A       11%         1
 Freeze                   Ice            44%        1d6       11%         1
 Summon Small Mammal      Summ           44%        N/A       11%         1
 Metabolic Englaciation   Hex/Ice        22%        N/A       13%         5
 Call Imp                 Summ           11%        N/A       16%         2
 Ice Form                 Ice/Tmut       28%        N/A       21%         4
 Conjure Flame            Conj/Fire      15%        6-21      22%         3
 Mephitic Cloud           Conj/Pois/Air  20%        N/A       26%         3
 Dispersal                Tloc           26%        N/A       30%         6
 Call Canine Familiar     Summ           11%        N/A       32%         3
 Frozen Ramparts          Ice            22%        1d4       32%         3
 Ozocubu's Armour         Ice            11%        N/A       32%         3
 Alistair's Intoxication  Tmut/Pois      18%        N/A       50%         5
 Lee's Rapid Deconstruct  Erth           14%        3d10*     50%         5
 Hailstorm                Conj/Ice       15%        3d5       56%         4
 Sticky Flame             Conj/Fire      15%        2d4       56%         4
 Summon Ice Beast         Ice/Summ       11%        N/A       71%         4
 Summon Lightning Spire   Summ/Air       16%        N/A       71%         4
 Bolt of Magma            Conj/Fire/Erth 9%         4d7       78%         5
 Iskenderun's Battlesphe  Conj           19%        2d7       78%         5
 Fireball                 Conj/Fire      7%         3d5       89%         5
 Dragon Form              Tmut           23%        N/A       98%         7
 Iron Shot                Conj/Erth      12%        9d3       99%         6
 Malign Gateway           Summ/Tloc      16%        N/A       100%        7
 Orb of Destruction       Conj           9%         9d4       100%        7
 Ozocubu's Refrigeration  Ice            5%         4d6       100%        7
 Spellforged Servitor     Conj/Summ      7%         N/A       100%        7


Dungeon Overview and Level Annotations

Branches:
Dungeon (15/15)            Temple (1/1) D:7            Lair (6/6) D:9
  Swamp (4/4) Lair:2        Snake (4/4) Lair:4        Slime (0/5) Lair:6
    Orc (2/2) D:11            Elf (0/3) Orc:2         Sewer (visited)
 Bailey (visited)
 Vaults: D:13-14     Depths: D:15

Altars:
Ashenzari
Cheibriados
Dithmenos
Elyvilon
Fedhas
Gozag
Hepliaklqana
Kikubaaqudgha
Makhleb
Nemelex Xobeh
Okawaru
Qazlal
Ru
Sif Muna
Trog
Uskayaw
Vehumet
Wu Jian
Xom
Yredelemnul
Zin
The Shining One
Beogh
Jiyva
Lugonu

Shops:
D:4 (:*   D:5 (   D:11 *   D:15 *   Orc:2 :![*:   Snake:1 ([:   Snake:2 ===::

Portals:
Trove: D:11 (give 7 potions of haste)

Annotations:
D:8 3 runed translucent doors, ClockworkOrrery's ghost, novice GnFi
D:11 3 runed translucent doors, pokeman's ghost, journeyman DEWz
D:14 exclusion: 3 doors
Swamp:1 lampshaded's ghost, journeyman MiFi
Snake:4 Vashnia


Innate Abilities, Weirdness & Mutations

You are very small and have problems with some larger weapons.
You are too small for most types of armour.
You have supernaturally acute eyesight. (SInv)
You cover ground extremely quickly. (Speed+++)


Message History

Confirm with . or Enter, or press ? or * to list all spells.
Aiming: Ensorcelled Hibernation (safe; 1% risk of failure)
Press: ? - help, Shift-Dir - straight line, f - naga warrior
Aim: a naga warrior, wielding a +0 halberd and wearing a +0 barding (wandering, hasn't noticed you, umbra, chance to affect: 19%)
The naga warrior resists with almost no effort.
Casting: Ensorcelled Hibernation (safe; 1% risk of failure)
Confirm with . or Enter, or press ? or * to list all spells.
Your hands begin to glow red.
The naga warrior spits poison at you. You block the splash of poison.
You rampage towards the naga warrior!
You hit the naga warrior but do no damage.
Your shadow hits the naga warrior but does no damage.
You hit the naga warrior but do no damage.
The naga warrior appears confused.
You hit the naga warrior but do no damage.
Your spectral +7 spectral quick blade hits the naga warrior.
You strike the helpless naga warrior from behind!
You skewer the naga warrior like a kebab!!!
The naga warrior is heavily wounded.
Your spectral +7 spectral quick blade hits the naga warrior!
You strike the helpless naga warrior from behind!
You spit the naga warrior like a pig!!!
You kill the naga warrior!
Dithmenos accepts your kill.
A nagaraja comes into view. It is wielding a +0 spear.
The nagaraja moves out of view.
A nagaraja is nearby!
A naga sharpshooter comes into view. It is wielding a +0 dire flail.
You rampage towards the shock serpent!
You rampage towards the nagaraja!
Vashnia takes aim.
There is a stone staircase leading up here.
Vashnia unwields a +1 mace of protection.
Vashnia wields a +0 arbalest of freezing.
It is covered in frost.
Vashnia shoots a bolt.
The bolt hits you!!!
Ouch! That really hurt!
* * * LOW HITPOINT WARNING * * *
You emit a cloud of dark smoke.
The bolt freezes you!
You die...

#...N.....## ##..# #
#.......N..## #..## #.
#........#..## ##..###..
#.......N.#..# #...#...
#####........#######
##...... ##
##..N..........#####......
.###
#.....S...N..............
...#
##......§......#.........
..##
##....§@§....########...
..# ##...§§§..### ##.. ..#
##.######..# #. .### ##.##
#### . ...######.##
##....##.## #####...## #
###.# #.#


You could see Vashnia, a nagaraja (wandering), 2 naga sharpshooters and a shock
serpent (wandering).

Vanquished Creatures
  Jorgrun (D:15)
  Gastronok (Lair:2)
  2 thorn hunters
  Donald (Swamp:2)
  A nagaraja (Snake:4)
  Louise (Swamp:3)
  3 orc warlords
  5 bunyips
  4 eleionomae
  Josephine (D:14)
  5 naga warriors
  A shambling mangrove (Swamp:3)
  Fannar (Lair:2)
  21 hydras
  A centaur warrior (D:14)
  2 boulder beetles
  2 ogre magi (Orc:2)
  2 catoblepae (D:13)
  2 salamander tyrants (Snake:4)
  Erica (Orc:1)
  2 ghost crabs
  4 alligators
  15 anacondas
  10 two-headed ogres
  An orc high priest (Orc:2)
  5 shock serpents
  3 naga sharpshooters
  10 slime creatures
  3 skeletal warriors (D:13)
  3 goliath frogs
  3 salamander mystics
  7 sea snakes
  3 bog bodies
  A lindwurm (Swamp:4)
  2 naga ritualists
  2 deep trolls (Orc:2)
  2 spriggan druids
  A lindwurm (shapeshifter) (D:13)
  6 swamp dragons
  An oklob plant (Lair:4)
  A deep elf pyromancer (D:9)
  A mana viper (Snake:3)
  A deep elf zephyrmancer (D:9)
  16 ugly things
  4 orc knights
  3 orc sorcerers (Orc:1)
  11 cyclopes
  2 guardian serpents (Snake:4)
  10 elephants
  Maurice (D:11)
  5 manticores
  A will-o-the-wisp (Swamp:2)
  6 salamanders
  32 black mambas
  6 naga magi
  A torpor snail (Lair:3)
  22 cane toads
  An unseen horror (shapeshifter) (D:14)
  A freezing wraith (D:14)
  An unseen horror (D:10)
  2 rime drakes
  15 komodo dragons
  A yaktaur (D:14)
  3 meliai (D:13)
  13 trolls
  18 tyrant leeches
  A bloated husk (Swamp:3)
  A polar bear (Lair:4)
  16 hornets
  24 blink frogs
  A hornet (shapeshifter) (D:14)
  A dancing weapon (Orc:1)
  2 dream sheep (Lair:3)
  11 spriggans
  A vampire (D:9)
  8 wraiths
  2 shadows
  4 humans (D:14)
  34 yaks
  5 wyverns
  4 basilisks
  A steam dragon (D:8)
  11 swamp worms
  11 vampire mosquitoes
  6 wargs
  17 nagas
  13 water moccasins
  Duvessa (D:7)
  A meliai simulacrum (D:14)
  8 swamp drakes
  32 orc warriors
  3 black bears
  A sky beast (D:7)
  A necrophage (D:8)
  11 wolves
  20 ogres
  11 centaurs
  A phantom (D:5)
  26 bullfrogs
  A kobold brigand (D:7)
  A wyvern zombie (D:6)
  2 gnoll sergeants
  2 scorpions (D:4)
  A wyvern skeleton (D:6)
  Dowan (D:7)
  7 killer bees (D:9)
  4 wights
  An electric eel (Lair:6)
  3 howler monkeys
  4 centaur zombies
  A crimson imp (D:9)
  2 jellies
  6 orc priests
  A bullfrog skeleton (D:7)
  4 hounds
  2 iguanas
  A centaur skeleton (D:7)
  An iron imp (D:9)
  Jessica (D:3)
  25 orc wizards
  A hound zombie (D:5)
  A hound skeleton (D:4)
  A howler monkey zombie (D:10)
  18 gnolls
  5 river rats
  9 adders
  A shadow imp (D:9)
  A white imp (D:9)
  6 worms
  A dart slug (D:2)
  62 orcs
  12 ball pythons
  5 endoplasms
  7 giant cockroaches
  12 goblins
  7 hobgoblins
  5 jackals
  6 quokkas
  9 bats
  11 frilled lizards
  18 kobolds
  15 rats
  A spectral orc (D:7)
895 creatures vanquished.

Vanquished Creatures (collateral kills)
  An orc warlord (Orc:2)
  2 two-headed ogres
  A skeletal warrior (D:13)
  8 orc warriors
  A centaur (D:8)
  A scorpion (D:7)
  A howler monkey (D:7)
  5 wights
  An orc priest (D:8)
  2 orc wizards (D:8)
  A gnoll (Bailey)
  12 orcs
  2 goblins (D:4)
  2 kobolds (Bailey)
40 creatures vanquished.

Vanquished Creatures (others)
  11 dancing weapons
  A naga (Snake:4)
  2 orcs (Orc:2)
  2 briar patches
  31 fungi
  153 plants
200 creatures vanquished.

Grand Total: 1135 creatures vanquished

Notes
Turn   | Place    | Note
-------+----------+-------------------------------------------
     0 | D:1      | dinky3 the Spriggan Enchanter began the quest for the Orb.
     0 | D:1      | Reached XP level 1. HP: 9/9 MP: 5/5
   290 | D:1      | Reached XP level 2. HP: 12/13 MP: 2/6
   297 | D:1      | Reached skill level 5 in Stealth
   879 | D:1      | Learned a level 2 spell: Ensorcelled Hibernation
  1447 | D:2      | Reached XP level 3. HP: 16/16 MP: 5/8
  1571 | D:2      | Found a faded altar of an unknown god.
  2084 | D:3      | Learned a level 3 spell: Tukima's Dance
  2126 | D:3      | Noticed Jessica
  2149 | D:3      | Reached skill level 6 in Stealth
  2159 | D:2      | Reached XP level 4. HP: 15/21 MP: 3/9
  2234 | D:3      | Killed Jessica
  2424 | D:3      | Found a sparkling altar of Nemelex Xobeh.
  2750 | D:3      | Found a blossoming altar of Fedhas.
  3555 | D:4      | Noticed a scorpion
  3558 | D:4      | Found Fatot's Weapon Boutique.
  3562 | D:4      | Killed a scorpion
  3563 | D:4      | Reached skill level 1 in Fighting
  3563 | D:4      | Reached XP level 5. HP: 25/25 MP: 10/10
  3584 | D:4      | Found a broken altar of Ashenzari.
  3770 | D:5      | Entered Level 5 of the Dungeon
  3798 | D:5      | Reached skill level 7 in Stealth
  3804 | D:5      | Found an ancient bone altar of Kikubaaqudgha.
  3849 | D:5      | Reached XP level 6. HP: 24/30 MP: 11/11
  3852 | D:5      | Reached skill level 5 in Hexes
  3890 | D:5      | Found a glowing drain.
  3894 | Sewer    | Entered a sewer
  4588 | D:5      | Found Qikkaen's Weapon Shoppe.
  4600 | D:5      | Learned a level 3 spell: Confusing Touch
  4612 | D:5      | Noticed an orc warrior
  4645 | D:5      | Killed an orc warrior
  4833 | D:4      | Reached XP level 7. HP: 35/35 MP: 4/12
  5050 | D:4      | Found Kecephi's Assorted Antiques.
  5293 | D:4      | Reached skill level 8 in Stealth
  5685 | D:4      | Found an iron altar of Okawaru.
  5826 | D:4      | Found Ymugomm's Book Shoppe.
  5950 | D:4      | Reached skill level 5 in Short Blades
  6277 | D:5      | Noticed a two-headed ogre
  6291 | D:5      | Killed a two-headed ogre
  6292 | D:5      | Reached skill level 9 in Stealth
  6292 | D:5      | Reached XP level 8. HP: 40/40 MP: 2/13
  6392 | D:5      | Found a burning altar of Makhleb.
  7063 | D:4      | Bought a +4 dagger of venom for 268 gold pieces
  7139 | D:6      | Learned a level 3 spell: Dazzling Flash
  7473 | D:6      | Found a sacrificial altar of Ru.
  7609 | D:6      | Reached skill level 10 in Stealth
  7834 | D:6      | Found an opulent altar of Gozag.
  8063 | D:6      | Noticed a troll
  8070 | D:6      | Killed a troll
  8071 | D:6      | Reached XP level 9. HP: 46/46 MP: 14/14
  8323 | D:7      | Noticed Dowan
  8323 | D:7      | Noticed Duvessa
  8349 | D:7      | Found a shimmering altar of Xom.
  8353 | D:7      | Found a stormy altar of Qazlal.
  8401 | D:7      | Found a flagged portal.
  8407 | Bailey   | Entered a bailey
  8482 | Bailey   | Noticed an orc knight
  8809 | Bailey   | Reached skill level 11 in Stealth
  9001 | Bailey   | Killed an orc knight
  9002 | Bailey   | Reached skill level 5 in Fighting
  9328 | D:7      | Killed Duvessa
  9329 | D:7      | Reached skill level 5 in Dodging
  9351 | D:7      | Killed Dowan
  9412 | D:7      | Reached XP level 10. HP: 51/51 MP: 6/15
  9757 | D:7      | Found a hazy altar of Hepliaklqana.
  9850 | D:7      | Found a glowing golden altar of the Shining One.
  9869 | D:7      | Found a staircase to the Ecumenical Temple.
  9913 | Temple   | Entered the Ecumenical Temple
  9947 | Temple   | Became a worshipper of Dithmenos the Shadowed
  9977 | D:7      | Found a snail-covered altar of Cheibriados.
 10111 | D:8      | Found a hide-covered altar of Uskayaw.
 10122 | D:8      | Noticed a two-headed ogre
 10129 | D:8      | Killed a two-headed ogre
 10130 | D:8      | Reached skill level 12 in Stealth
 10131 | D:8      | Found a bloodstained altar of Trog.
 10354 | D:8      | Noticed a two-headed ogre
 10436 | D:8      | Killed a two-headed ogre
 10749 | D:8      | Found a runed translucent gate.
 10749 | D:8      | Found a runed translucent gate.
 10749 | D:8      | Found a runed translucent gate.
 10749 | D:8      | Noticed ClockworkOrrery's ghost (novice GnFi)
 10749 | D:8      | Noticed an 11-headed hydra
 11157 | D:8      | Noticed an 11-headed hydra
 11419 | D:9      | Found a staircase to the Lair.
 11498 | D:9      | Reached * piety under Dithmenos
 11569 | D:9      | Reached skill level 10 in Hexes
 11776 | D:9      | Reached skill level 13 in Stealth
 11912 | D:9      | Noticed a deep elf zephyrmancer
 11917 | D:9      | Killed a deep elf zephyrmancer
 11918 | D:9      | Reached XP level 11. HP: 58/58 MP: 13/16
 11918 | D:9      | Identified the +0 hat of Cutsom {Rampage rPois Regen+}
 11935 | D:9      | Noticed a deep elf pyromancer
 11937 | D:9      | Killed a deep elf pyromancer
 11947 | D:9      | Learned a level 2 spell: Blink
 12214 | D:9      | Reached skill level 1 in Conjurations
 12233 | D:9      | Reached skill level 1 in Translocations
 12294 | D:9      | Reached ** piety under Dithmenos
 12659 | D:10     | Entered Level 10 of the Dungeon
 13709 | D:11     | Found a staircase to the Orcish Mines.
 13720 | D:11     | Noticed Maurice
 13727 | D:11     | Found a runed translucent gate.
 13728 | D:11     | Found a runed translucent gate.
 13729 | D:11     | Found a runed translucent gate.
 13732 | D:11     | Noticed pokeman's ghost (journeyman DEWz)
 13748 | D:11     | Killed Maurice
 13794 | D:11     | Found a portal to a secret trove of treasure.
 14202 | D:11     | Identified the +5 ring mail "Zoloed" {rF+ rN+ Str+6 Slay-3}
 14247 | D:11     | Found Rusut's CLEARANCE SALE! EVERYTHING MUST GO!.
 14257 | D:11     | Bought a potion of invisibility for 24 gold pieces
 15007 | D:12     | Reached *** piety under Dithmenos
 15008 | D:12     | Reached skill level 14 in Stealth
 15021 | D:12     | Noticed a two-headed ogre
 15033 | D:12     | Killed a two-headed ogre
 15034 | D:12     | Reached skill level 10 in Short Blades
 15580 | D:13     | Reached XP level 12. HP: 63/63 MP: 7/19
 15687 | D:13     | Noticed a catoblepas
 15696 | D:13     | Killed a catoblepas
 15858 | D:13     | Noticed a five-headed hydra
 15863 | D:13     | Killed a five-headed hydra
 15880 | D:13     | Reached skill level 10 in Dodging
 15908 | D:13     | Reached skill level 15 in Stealth
 16196 | D:13     | Noticed a boulder beetle
 16221 | D:13     | Killed a boulder beetle
 16432 | D:13     | Noticed a catoblepas
 16434 | D:13     | Killed a catoblepas
 16480 | D:13     | Found a shadowy altar of Dithmenos.
 16647 | D:14     | Noticed Josephine
 16651 | D:14     | Killed Josephine
 16749 | D:14     | Noticed a centaur warrior
 16850 | D:14     | Reached XP level 13. HP: 69/69 MP: 20/20
 16888 | D:14     | Reached **** piety under Dithmenos
 16921 | D:14     | Reached skill level 16 in Stealth
 17310 | D:14     | Noticed an ettin
 17311 | D:14     | Noticed a fire dragon
 17352 | D:15     | Entered Level 15 of the Dungeon
 17477 | D:15     | Noticed Jorgrun
 17481 | D:15     | Killed Jorgrun
 17869 | D:15     | Reached skill level 17 in Stealth
 18001 | D:15     | Found Rielaisa's General Store.
 18495 | Orc:1    | Entered Level 1 of the Orcish Mines
 18584 | Orc:1    | Noticed Erica
 18591 | Orc:1    | Killed Erica
 18748 | Orc:1    | Noticed an orc warlord
 18759 | Orc:1    | Killed an orc warlord
 18759 | Orc:1    | Reached ***** piety under Dithmenos
 19003 | Orc:2    | Entered Level 2 of the Orcish Mines
 19007 | Orc:2    | Found Huucvur's Distillery.
 19007 | Orc:2    | Found Ytsolow's Book Boutique.
 19021 | Orc:2    | Reached XP level 14. HP: 76/76 MP: 18/21
 19024 | Orc:2    | Reached skill level 10 in Fighting
 19042 | Orc:2    | Reached skill level 18 in Stealth
 19069 | Orc:2    | Noticed an orc warlord
 19151 | Orc:2    | Found Teadupru's Book Shop.
 19162 | Orc:2    | Found a staircase to the Elven Halls.
 19325 | Orc:2    | Found Cacheam's Assorted Antiques.
 19329 | Orc:2    | Found Peuz's Armour Emporium.
 19646 | Orc:2    | Killed an orc warlord
 19647 | Orc:2    | Reached skill level 1 in Evocations
 19973 | Orc:2    | Noticed an orc warlord
 20142 | Orc:2    | Noticed an orc warlord
 20165 | Orc:2    | Killed an orc warlord
 20166 | Orc:2    | Reached skill level 1 in Invocations
 20214 | Orc:2    | Reached ****** piety under Dithmenos
 20615 | Orc:2    | Killed an orc warlord
 20916 | Orc:2    | Identified the +3 demon blade "Paquelar" {drain, rPois rC+
                  | Dex+3}
 21076 | Orc:2    | Bought a scroll labelled YTRIELOOGI for 26 gold pieces
 21076 | Orc:2    | Bought a glowing quick blade for 468 gold pieces
 21076 | Orc:2    | Bought an orange potion for 23 gold pieces
 21173 | Orc:2    | Bought a book of the Warp for 1260 gold pieces
 21379 | D:4      | Bought a book of Cantrips for 260 gold pieces
 21384 | D:4      | Learned a level 4 spell: Passage of Golubria
 21388 | D:4      | Learned a level 3 spell: Teleport Other
 21390 | D:4      | Learned a level 1 spell: Apportation
 21417 | D:4      | Bought a scroll labelled EFEN VYHIL for 28 gold pieces
 21803 | Lair:1   | Entered Level 1 of the Lair of Beasts
 22029 | Lair:1   | You fall into a shaft and drop 1 floor!
 22166 | Lair:2   | Identified the +8 dagger of Desertification {vorpal, Fly
                  | Str-5 Int+2}
 22173 | Lair:2   | Reached skill level 5 in Spellcasting
 22185 | Lair:2   | Noticed Gastronok
 22207 | Lair:2   | Killed Gastronok
 22242 | Lair:2   | Noticed Fannar
 22265 | Lair:2   | Killed Fannar
 22407 | Lair:2   | Found a staircase to the Swamp.
 22416 | Lair:2   | Reached skill level 1 in Shields
 22836 | Lair:1   | Reached skill level 5 in Translocations
 22863 | Lair:1   | You fall into a shaft and drop 1 floor!
 23429 | Lair:3   | Reached XP level 15. HP: 81/81 MP: 24/24
 24229 | Lair:3   | Identified a scroll of acquirement
 24376 | Lair:4   | Found a staircase to the Snake Pit.
 24397 | Lair:4   | Acquired 776 gold pieces
 24399 | Lair:4   | Acquired 690 gold pieces
 24412 | Lair:4   | Reached skill level 5 in Evocations
 24620 | D:4      | Bought a book of Geomancy for 455 gold pieces
 24620 | D:4      | Bought a book of Changes for 325 gold pieces
 24623 | D:4      | Learned a level 2 spell: Wereblood
 24626 | D:4      | Learned a level 2 spell: Passwall
 24799 | Orc:2    | Bought a potion of flight for 42 gold pieces
 24799 | Orc:2    | Bought a potion of curing for 42 gold pieces
 24799 | Orc:2    | Bought a potion of heal wounds for 70 gold pieces
 24799 | Orc:2    | Bought a potion of curing for 42 gold pieces
 24799 | Orc:2    | Bought a potion of magic for 112 gold pieces
 24799 | Orc:2    | Bought a potion of invisibility for 112 gold pieces
 24799 | Orc:2    | Bought a potion of curing for 42 gold pieces
 24799 | Orc:2    | Bought a potion of resistance for 140 gold pieces
 24984 | D:4      | Bought a scroll of identify for 56 gold pieces
 24984 | D:4      | Bought a potion of heal wounds for 140 gold pieces
 24984 | D:4      | Bought a scroll of teleportation for 84 gold pieces
 24984 | D:4      | Bought a scroll of identify for 56 gold pieces
 24984 | D:4      | Bought a potion of invisibility for 224 gold pieces
 25306 | Lair:4   | Reached skill level 1 in Transmutations
 25427 | Lair:4   | Reached skill level 1 in Earth Magic
 25610 | Lair:5   | Reached skill level 19 in Stealth
 26255 | Lair:6   | Entered Level 6 of the Lair of Beasts
 26262 | Lair:6   | Found a viscous altar of Jiyva.
 26385 | Lair:6   | Found a staircase to the Slime Pits.
 26609 | Lair:6   | Reached skill level 5 in Invocations
 26645 | Lair:6   | Found the +3 Elemental Staff {rElec rF++ rC++ Will++ AC+5}
 26653 | Lair:6   | Identified Sif Muna's Lost Secrets of Witchery
 27271 | Lair:6   | Learned a level 6 spell: Invisibility
 27466 | Swamp:1  | Entered Level 1 of the Swamp
 27628 | Swamp:1  | Reached skill level 5 in Transmutations
 27783 | Swamp:1  | Reached XP level 16. HP: 86/86 MP: 28/28
 27825 | Swamp:1  | Noticed a thorn hunter
 27840 | Swamp:1  | Killed a thorn hunter
 27958 | Swamp:1  | Found a runed translucent door.
 27974 | Swamp:1  | Noticed lampshaded's ghost (journeyman MiFi)
 27975 | Swamp:1  | Found the amulet of the Air {Inacc Air Fly rElec RMsl}
 28136 | Swamp:1  | Identified the ring of Ostinos {rElec rC+ Int+2}
 28357 | Swamp:2  | Noticed Donald
 28426 | Swamp:2  | Killed Donald
 28845 | Swamp:2  | Reached skill level 20 in Stealth
 28914 | Swamp:3  | Noticed Louise
 28918 | Swamp:3  | Killed Louise
 29416 | Swamp:4  | Entered Level 4 of the Swamp
 29429 | Swamp:4  | Noticed a thorn hunter
 29547 | Swamp:4  | Reached skill level 5 in Shields
 29586 | Swamp:4  | Noticed a thorn hunter
 29830 | Swamp:4  | Reached skill level 15 in Hexes
 30097 | Swamp:4  | Killed a thorn hunter
 30203 | Swamp:4  | Got a decaying rune of Zot
 30327 | Snake:1  | Entered Level 1 of the Snake Pit
 30370 | Snake:1  | Found Zoqe's Armour Shoppe.
 30372 | Snake:1  | Found Riseopir's Magic Scroll Emporium.
 30374 | Snake:1  | Found Josyffeo's Book Shoppe.
 30494 | Snake:1  | Found Ziux Xia's Antique Weapon Boutique.
 30779 | Snake:1  | Reached XP level 17. HP: 90/90 MP: 31/31
 31221 | Snake:1  | Reached skill level 10 in Spellcasting
 31417 | Snake:2  | Found Rusor's Jewellery Shop.
 31686 | Snake:2  | Reached skill level 21 in Stealth
 31698 | Snake:2  | Found a sacrificial altar of Ru.
 31961 | Snake:2  | Found Icoegic's Self-Improvement Boutique.
 32145 | Snake:2  | Found Qorchur's Jewellery Emporium.
 32147 | Snake:2  | Found Xatsuano's Book Boutique.
 32148 | Snake:2  | Found Uklyc's Jewellery Emporium.
 32259 | Snake:2  | Learned a level 8 spell: Disjunction
 32939 | Snake:4  | Entered Level 4 of the Snake Pit
 32990 | Snake:4  | Identified the +2 robe "Jeshatse" {rElec Will++}
 33182 | Snake:4  | Noticed Vashnia
 33760 | Snake:4  | Got a serpentine rune of Zot
 33763 | Snake:4  | HP: 2/58 [salamander tyrant/flame surge (10)]
 33867 | Snake:4  | Shot with a bolt by Vashnia

Illustrated notes

Levels and vault maps discovered:
D:1:      giann_wishing_wells, layout_rooms
D:2:      layout_rooms, basic_ecumenical_altar
D:3:      layout_basic, fedhas_ov_isle_minmay,
          nemelex_xobeh_ov_fountains_minmay, minmay_crystal_water, uniq_jessica
D:4:      minmay_razor_zed, layout_cave_pools, kennysheep_okawaru_gauntlet,
          general_overflow_altar, serial_shops, nicolae_shop_behind_doors, shop,
          nicolae_shop_statue_plus
D:5:      layout_layer_cave, nicolae_kikubaaqudgha_miasma_corner,
          lightli_temple_of_fire, gup_sewer_entry_spiral, serial_shops,
          shop_fountains
D:6:      layout_loops_ring, lemuel_tele_altar, nicolae_ru_awakened_eye
D:7:      layout_rooms, nicolae_qazlal_scattered_showers, slow_altar_2,
          lemuel_crystal_altar, nicolae_hepliaklqana_monster_ancestors,
          old_standard_altar, temple_fountains, enter_bailey_3,
          nrook_mini_backslash, uniq_duvessa
D:8:      layout_loops_cross, trog_three_pillars_becter,
          eat_drink_and_be_merry_uskayaw, gammafunk_ghost_hydra_chop,
          minmay_fractal_squares_5
D:9:      wander_river, layout_stronghold, david_lair_shrubbed, minivault_10,
          minmay_misc_feat_encased, hangedman_minor_magic
D:10:     layout_layer_cave
D:11:     layout_cave_pools, orc_0_dummy, trove_entry_hex_spiral,
          biasface_ghost_orc_armoury, nicolae_shop_clearance, uniq_maurice
D:12:     layout_basic
D:13:     layout_roguey, nicolae_dithmenos_through_a_glass_darkly
D:14:     minmay_containers, layout_small_grid, grunt_vaults_entry_tiered,
          ebering_ghost_gozag, minmay_misc_feat_tower, corexii_corridor_pit,
          serial_bayou_lagoon_a, uniq_josephine
D:15:     grunt_enter_depths_hoard, layout_gridville, serial_shops, shop_statue,
          serial_glass, glass_columns_a, glass_columns_a, uniq_jorgrun
Temple:   corrupted_temple
Lair:1:   layout_layer_cave
Lair:2:   layout_chaotic_city, minmay_swamp_entry_worms,
          infiniplex_staircase_pool_2, uniq_fannar, uniq_gastronok
Lair:3:   layout_small_grid
Lair:4:   layout_concentric_octagons, dummy_snake_entry
Lair:5:   layout_long_grid
Lair:6:   minmay_lair_end_frog_pond, layout_loops_ring, slime_altar_1,
          lemuel_fruit_tree, serial_bayou_shore_b, lemuel_fruit_fields
Swamp:1:  layout_basic_swamp, ebering_ghost_reflecting_pool,
          nicolae_swamp_trees_clearing
Swamp:2:  layout_basic_swamp, serial_swamp_ruin, evilmike_swamp_ruin_house_1,
          evilmike_swamp_ruin_house_3, swamp_pool4, uniq_donald
Swamp:3:  layout_basic_swamp, nicolae_swamp_fairy_circle, swamp_pool1,
          uniq_louise
Swamp:4:  swamp_alternative, layout_basic_swamp
Snake:1:  minmay_snake_river, layout_misc_corridors, serial_shops,
          nicolae_shop_trees, serial_bayou_shore_b, grunt_megastairs_1,
          minmay_shop_star
Snake:2:  layout_chambers, serial_shops, nicolae_stop_n_shop_1, basic_altar,
          nicolae_shop_self_help, serial_bayou_shore_a, minmay_shop_grove
Snake:3:  layout_cave_town, drop_trap, serial_bayou_shore_b
Snake:4:  grunt_snake_rune_pools, layout_cave_pods,
          nicolae_snake_ghostly_warrior_ritual, uniq_vashnia
Orc:1:    layout_caves, uniq_erica
Orc:2:    st_orc_open, layout_caves, serial_shops, nicolae_shop_waterfront,
          minmay_orc_treasury

Skill      XL: |  1  2  3  4  5  6  7  8  9 10 11 12 13 14 15 16 17 |
---------------+----------------------------------------------------+-----
Stealth        | 5 6 7 9 10 11 13 14 15 17 18 19 20 21 | 21.6
Short Blades   | 2 3 4 5 6 7 9 10 | 10.0
Hexes          | 4 5 6 7 9 10 11 12 13 14 15 | 15.1
Fighting       | 1 2 3 4 5 6 7 8 9 10 | 10.4
Dodging        | 5 7 9 11 13 14 | 14.2
Conjurations   | 2 |  2.0
Translocations | 4 5 8 9 |  9.7
Spellcasting   | 4 5 7 9 10 | 10.0
Evocations     | 4 5 |  5.0
Invocations    | 3 5 7 9 |  9.4
Shields        | 1 3 5 6 |  6.9
Transmutations | 5 8 |  8.0
Earth Magic    | 3 4 |  4.0

Action                   |  1- 3 |  4- 6 |  7- 9 | 10-12 | 13-15 | 16-18 || total
-------------------------+-------+-------+-------+-------+-------+-------++-------
Melee: Dagger            |   111 |   132 |   192 |   416 |   323 |       ||  1174
       Quick blade       |       |       |       |       |   540 |   528 ||  1068
 Cast: Corona            |    20 |       |     1 |       |       |       ||    21
       Ensorcelled Hiber |    21 |    35 |    46 |    83 |   114 |    54 ||   353
       Tukima's Dance    |       |     3 |    21 |    20 |    20 |       ||    64
       Confusing Touch   |       |     1 |     6 |    15 |     8 |    10 ||    40
       Dazzling Flash    |       |       |     4 |    24 |    53 |     6 ||    87
       Passage of Golubr |       |       |       |       |     2 |     6 ||     8
       Wereblood         |       |       |       |       |     3 |       ||     3
       Invisibility      |       |       |       |       |     1 |     8 ||     9
       Passwall          |       |       |       |       |     1 |     6 ||     7
       Apportation       |       |       |       |       |       |    18 ||    18
Invok: Shadow Step       |       |       |       |       |       |     1 ||     1
       Shadow Form       |       |       |       |       |       |     1 ||     1
Evoke: Wand              |       |     6 |       |       |    11 |     2 ||    19
       Condenser vane    |       |       |       |       |     1 |       ||     1
  Use: Scroll            |       |     5 |     7 |     7 |    20 |     6 ||    45
       Potion            |       |     1 |       |       |     1 |       ||     2
 Stab: Sleeping          |    20 |    40 |    40 |    92 |   121 |   105 ||   418
       Confused          |       |     1 |     7 |    15 |     9 |     9 ||    41
       Distracted        |       |     1 |     1 |     2 |    23 |    17 ||    44
       Invisible         |       |       |     4 |    17 |    55 |    29 ||   105
Armor: Robe              |     7 |    12 |    15 |     3 |       |       ||    37
       Troll leather arm |       |       |       |     4 |    32 |    21 ||    57
Dodge: Dodged            |   101 |    76 |   141 |   291 |   581 |   203 ||  1393
       Repelled          |       |       |       |       |       |     8 ||     8
Block: Buckler           |       |       |       |       |       |    88 ||    88

Table legend: (Time is in decaauts)
 A = Elapsed time spent in this place.
 B = Non-inter-level travel time spent in this place.
 C = Inter-level travel time spent in this place.
 D = Time resting spent in this place.
 E = Time spent auto-exploring this place.
 F = Levels seen in this place.
 G = Mean time per level.
                   A        B        C        D        E       F      G
               +--------+--------+--------+--------+--------+-----+--------+
         Total |  23939 |  22068 |   1871 |   3579 |  12449 |  34 |  704.1 |
       Dungeon |  13332 |  12149 |   1183 |   1985 |   7522 |  15 |  888.8 |
        Temple |     32 |     25 |      7 |      0 |     18 |   1 |   32.0 |
          Lair |   3122 |   2767 |    355 |     14 |   2103 |   6 |  520.3 |
         Swamp |   1886 |   1749 |    137 |    394 |    687 |   4 |  471.5 |
     Snake Pit |   2248 |   2187 |     61 |    105 |   1021 |   4 |  562.0 |
  Orcish Mines |   2193 |   2068 |    125 |    500 |    909 |   2 | 1096.5 |
         Sewer |    450 |    450 |      0 |    205 |    130 |   1 |  450.0 |
        Bailey |    672 |    672 |      0 |    374 |     55 |   1 |  672.0 |
               +--------+--------+--------+--------+--------+-----+--------+

Top non-repeatable levels by time:
   Orc:2: 1335 daAuts
     D:1: 1261 daAuts
     D:4: 1173 daAuts
     D:3: 1145 daAuts
     D:5: 1139 daAuts
     D:9: 1042 daAuts
     D:6: 973 daAuts
     D:8: 878 daAuts
   Orc:1: 858 daAuts
    D:12: 837 daAuts
    D:10: 825 daAuts
     D:7: 817 daAuts
  Lair:6: 763 daAuts
    D:14: 755 daAuts
    D:13: 752 daAuts
